 Dungeon Crawl Stone Soup version 0.23-a0-61-g4bf3f6c (webtiles) character file.

4 Amnesiac the Conjurer (level 1, -3/13 HPs)
             Began as a Mummy Conjurer on Aug 9, 2018.
             Slain by a hobgoblin
             ... wielding a +0 club
              (6 damage)
             ... on level 3 of the Dungeon.
             The game lasted 00:00:38 (122 turns).

Amnesiac the Conjurer (Mummy Conjurer)               Turns: 122, Time: 00:00:38

Health: -3/13      AC:  2    Str: 11    XL:     1   Next: 50%
Magic:  4/4        EV: 12    Int: 14    God:
Gold:   0          SH:  0    Dex: 12    Spells: 5/6 levels left

rFire    x . .     SeeInvis .   b - +0 club
rCold    + . .     Gourm    .   (no shield)
rNeg     + + +     Faith    .   a - +0 robe
rPois    ∞         Spirit   .   (no helmet)
rElec    .         Reflect  .   (no cloak)
rCorr    .         Harm     .   (no gloves)
MR       .....                  (no boots)
Stlth    ++........             (no amulet)
HPRegen  0.04/turn              (no ring)
MPRegen  0.09/turn              (no ring)

@: no status effects
A: no food or potions, fire vulnerability, cold resistance 1, negative energy
resistance 3, torment resistance, unbreathing
a: no special abilities


You were on level 3 of the Dungeon.
You were not hungry.

You visited 1 branch of the dungeon, and saw 4 of its levels.

Inventory:

Hand Weapons
 b - a +0 club (weapon)
Armour
 a - a +0 robe (worn)


   Skills:
 - Level 1.5 Dodging
 - Level 1.5 Stealth
 + Level 3.1 Spellcasting
 * Level 3.2 Conjurations


You had 5 spell levels left.
You knew the following spells:

 Your Spells              Type           Power        Failure   Level  Hunger
a - Magic Dart            Conj           ##..         5%          1    N/A

Your spell library contained the following spells:

 Spells                   Type           Power        Failure   Level  Hunger
 Iskenderun's Mystic Bla  Conj           ##......     50%         4    N/A
 Fulminant Prism          Conj/Hex       #.........   71%         4    N/A
 Dazzling Spray           Conj/Hex       #.....       32%         3    N/A
 Force Lance              Conj/Tloc      #.......     71%         4    N/A
 Searing Ray              Conj           ##....       9%          2    N/A

Dungeon Overview and Level Annotations

Branches:
Dungeon (4/15)             Temple (0/1) D:4

Altars:


Innate Abilities, Weirdness & Mutations

You do not eat or drink.
Your flesh is vulnerable to fire.
You are immune to poison.
Your flesh is cold resistant. (rC+)
You are immune to negative energy. (rN+++)
You are immune to unholy pain and torment.
You can survive without breathing.


Message History

Confirm with . or Enter, or press ? or * to list all spells.
Aiming: Magic Dart (safe; 5% risk of failure)
Press: ? - help, Shift-Dir - straight line, f/p - leopard gecko
Aim: a leopard gecko (severely wounded, clinging)
The magic dart hits the leopard gecko.
You kill the leopard gecko!
Training target 3.1 for Spellcasting reached!
Your Spellcasting skill increases to level 3!
You need to enable at least one skill for training.
Found 2 gold pieces.
You start resting.
A hobgoblin comes into view.
Found 11 gold pieces.
A hobgoblin comes into view. It is wielding a club.
The hobgoblin shouts!
The hobgoblin moves out of view.
Found a blackened bronze ring.
There is a shaft here.
You fall through a shaft for 2 floors!
The shaft crumbles and collapses. 4 gnolls and a gnoll shaman come into view.
The gnoll shouts! x2; The gnoll shaman shouts!
The gnoll shouts!
Found a yellow potion and a chain mail.
Unknown command.
Unknown command.
The gnoll barely misses you. The gnoll closely misses you.
You aren't carrying any scrolls.
The gnoll shaman mumbles some strange prayers to its god against you.
You are outlined in light.
A howler monkey skeleton comes into view.
Found 9 gold pieces.
Found a stone staircase leading up and a staircase to the Ecumenical Temple.
A howler monkey skeleton comes into view.
Found a scale mail.
There is a stone staircase leading up here.
You climb upwards.
The orc priest shouts!
The orc shouts!
You hear a shout! x2
A kobold comes into view. It is wielding a short sword.
An orc wizard comes into view. It is wielding a dagger.
An orc comes into view.
The kobold shouts!
There is a stone staircase leading down here.
A goblin comes into view. It is wielding a dagger.
The orc wizard casts a spell.
The orc wizard blinks!
Found a leather armour and 23 arrows.
The goblin shouts!
Found a ration.
The goblin closely misses you.
You aren't carrying any scrolls.
Unknown command.
The hobgoblin shouts!
The goblin shouts!
The orc priest casts a cantrip, but nothing happens.
The goblin hits you but does no damage. The hobgoblin hits you with a club.
* * * LOW HITPOINT WARNING * * *
The goblin hits you.
* * * LOW HITPOINT WARNING * * *
You are no longer glowing.
The goblin closely misses you.
There is a stone staircase leading up here.
The hobgoblin hits you with a club.
You die...

##### ######...#
....##...###
########..o.....#
.......(........#
.#........).....####
.#.......K.....g...#
..[K.........ogg@..#
.#.......###.#.##..#
>#.......#
#.#........
.#...%...#
#............
o#.......#
######.##$###
o#######.# .# .# .#
#.# .# # K§ ..# ..
.o ###


You could see an orc priest, an orc, a hobgoblin, 2 goblins and a kobold.

Vanquished Creatures
  A leopard gecko (D:2)
  A hobgoblin (D:2)
  A frilled lizard (D:1)
3 creatures vanquished.

Notes
Turn   | Place    | Note
-------+----------+-------------------------------------------
     0 | D:1      | Amnesiac the Mummy Conjurer began the quest for the Orb.
     0 | D:1      | Reached XP level 1. HP: 13/13 MP: 4/4
    90 | D:2      | You fall through a shaft for 2 floors!
    90 | D:4      | Noticed a gnoll shaman
   100 | D:4      | Found a staircase to the Ecumenical Temple.
   104 | D:3      | Noticed an orc priest
   104 | D:3      | Noticed an orc wizard
   122 | D:3      | Slain by a hobgoblin

Vault maps used:
D:1:      shiori_arrival_maze, grunt_decor_cap
D:2:      gammafunk_temple_overflow_pools
D:3:      lemuel_zombie_altar_kikubaaqudgha
D:4:      minmay_temple_entry_from_below_a

Skill      XL: |  1 |
---------------+----+-----
Spellcasting   | 3 |  3.1
Dodging        | |  1.5
Stealth        | |  1.5
Conjurations   | |  3.2

Action                   || total
-------------------------++-------
 Cast: Magic Dart        ||     9
Armor: Robe              ||     1
Dodge: Dodged            ||     8

Table legend:
 A = Non-vault XP
 B = Vault XP
 C = Vault XP percentage of total XP
 D = Non-vault monster count
 E = Vault monster count
 F = Vault count percentage of total count
 G = Total turns spent on level
                 A         B        C        D         E       F
            +---------+---------+-------+---------+---------+-------
      Total |       6 |       0 |   0.0 |       3 |       0 |   0.0
            +---------+---------+-------+---------+---------+-------
        D:1 |       1 |       0 |   0.0 |       1 |       0 |   0.0
        D:2 |       5 |       0 |   0.0 |       2 |       0 |   0.0
            +---------+---------+-------+---------+---------+-------
